 Dungeon Crawl Stone Soup version 0.27-a0-1084-g78b3836a5f (webtiles) character file.

Game seed: 10047715262158480077

28 Splishie the Chopper (level 3, 0/28 HPs)
             Began as a Gnoll Wanderer on Apr 26, 2021.
             Was a Follower of Nemelex Xobeh.
             Succumbed to an adder's poison
             ... on level 2 of the Dungeon.
             The game lasted 00:02:38 (574 turns).

Splishie the Chopper (Gnoll Wanderer)                Turns: 574, Time: 00:02:39

Health: 0/28       AC:  8    Str: 11    XL:     3   Next: 14%
Magic:  9/9        EV:  8    Int: 13    God:    Nemelex Xobeh [*.....]
Gold:   44         SH:  0    Dex: 10    Spells: 12/12 levels left

rFire    . . .     SeeInvis .   a - +0 hand axe
rCold    . . .     Faith    .   (no shield)
rNeg     . . .     Spirit   .   b - +2 scale mail
rPois    .         Reflect  .   (no helmet)
rElec    .         Harm     .   (no cloak)
rCorr    .         Rampage  .   (no gloves)
Will     .....                  (no boots)
Stlth    ..........             (no amulet)
HPRegen  0.09/turn              (no ring)
MPRegen  0.11/turn              (no ring)

@: lethally poisoned (0 -> -5), attractive
A: fangs 1, strong nose, distributed training
a: Renounce Religion, Draw Escape, Draw Destruction, Draw Summoning


You were on level 2 of the Dungeon.
You worshipped Nemelex Xobeh.
Nemelex Xobeh was aware of your devotion.
You visited 1 branch of the dungeon, and saw 2 of its levels.

You collected 44 gold pieces.

Inventory:

Hand Weapons
 a - a +0 hand axe (weapon)
Missiles
 f - 3 boomerangs (quivered)
Armour
 b - a +2 scale mail (worn)
Jewellery
 d - a ring of resist corrosion
Scrolls
 c - a scroll of teleportation
 g - a scroll of immolation


   Skills:
 + Level 2.5 Fighting
 + Level 0.6 Short Blades
 + Level 0.6 Long Blades
 + Level 6.5 Axes
 + Level 0.6 Maces & Flails
 + Level 0.6 Polearms
 + Level 0.6 Staves
 + Level 0.6 Slings
 + Level 0.6 Bows
 + Level 0.6 Crossbows
 + Level 0.6 Throwing
 + Level 2.5 Armour
 + Level 0.6 Dodging
 + Level 0.6 Stealth
 + Level 2.5 Shields
 + Level 0.6 Unarmed Combat
 + Level 5.0 Spellcasting
 + Level 0.4 Conjurations
 + Level 0.4 Hexes
 + Level 0.4 Summonings
 + Level 0.4 Necromancy
 + Level 0.4 Translocations
 + Level 0.4 Transmutations
 + Level 0.4 Fire Magic
 + Level 0.4 Ice Magic
 + Level 0.4 Air Magic
 + Level 0.4 Earth Magic
 + Level 2.1 Poison Magic
 + Level 0.8 Invocations
 + Level 2.5 Evocations


You had 12 spell levels left.
You didn't know any spells.
Your spell library was empty.

Dungeon Overview and Level Annotations

Branches:
Dungeon (2/15)

Altars:
Nemelex Xobeh


Innate Abilities, Weirdness & Mutations

You have very sharp teeth.
Your uncanny sense of smell can sniff out nearby items.
Your experience applies equally to all skills.


Message History

You miss the adder.
The adder is moderately wounded.
You hit the hobgoblin but do no damage. The adder barely misses you.
The adder bites you but does no damage.
You miss the adder.
The adder is moderately wounded.
You barely miss the hobgoblin.
The hobgoblin hits you but does no damage.
The adder bites you.
* * * LOW HITPOINT WARNING * * *
You closely miss the adder.
The adder is moderately wounded.
You hit the hobgoblin but do no damage. The hobgoblin closely misses you.
The adder barely misses you.
You barely miss the adder.
The adder is moderately wounded.
You hit the hobgoblin. The adder bites you but does no damage.
The hobgoblin closely misses you.
You hit the hobgoblin.
You kill the hobgoblin!
You miss the adder. The adder barely misses you. The adder closely misses you.
The adder barely misses you.
Found 17 gold pieces.
You closely miss the adder.
The adder is lightly wounded.
The adder barely misses you. The adder bites you but does no damage.
You hit the adder.
The adder is heavily wounded.
The adder bites you.
* * * LOW HITPOINT WARNING * * *
You hit the adder.
The adder is almost dead.
The adder bites you.
* * * LOW HITPOINT WARNING * * *
You are lethally poisoned!
The adder poisons you!
You slash the adder!
You kill the adder!
You die...
Your body glows slightly and disappears.

.# .# #.##
... ..# ..#
####..#####
#<†@.......
#†##.......
#.# #......
#.# .$....
#.# .....
#.# #####
#.. ###


There were no monsters in sight!

Vanquished Creatures
  An adder (D:2)
  2 dart slugs (D:1)
  3 bats
  4 endoplasms (D:1)
  A goblin (D:1)
  3 hobgoblins
  3 jackals (D:1)
  A frilled lizard (D:1)
  2 kobolds (D:1)
  3 rats (D:1)
23 creatures vanquished.

Notes
Turn   | Place    | Note
-------+----------+-------------------------------------------
     0 | D:1      | Splishie the Gnoll Wanderer began the quest for the Orb.
     0 | D:1      | Splishie set off with the following items: a +0 hand axe, a
                  | +2 scale mail, a scroll of teleportation
     0 | D:1      | Reached XP level 1. HP: 17/17 MP: 6/6
    89 | D:1      | Found a faded altar of an unknown god.
   105 | D:1      | Became a worshipper of Nemelex Xobeh the Trickster
   105 | D:1      | Reached * piety under Nemelex Xobeh
   105 | D:1      | Received a gift from Nemelex Xobeh
   137 | D:1      | Reached XP level 2. HP: 20/23 MP: 7/7
   544 | D:1      | Reached XP level 3. HP: 16/28 MP: 9/9
   546 | D:1      | Reached skill level 5 in Spellcasting
   573 | D:2      | HP: 1/28 [adder (1)]
   574 | D:2      | Succumbed to an adder's poison

Illustrated notes

Levels and vault maps discovered:
D:1:      dpeg_arrival_rooms_c, layout_basic, hellmonk_ecumenical_altar_blasted,
          hangedman_feature_mirror
D:2:      minmay_door_path, layout_loops_ring, basic_altar, uniq_jessica

Skill      XL: |  1  2  3 |
---------------+----------+-----
Poison Magic   | 2 |  2.1
Spellcasting   | 5 |  5.0
Fighting       | |  2.5
Short Blades   | |  0.6
Long Blades    | |  0.6
Axes           | |  6.5
Maces & Flails | |  0.6
Polearms       | |  0.6
Staves         | |  0.6
Slings         | |  0.6
Bows           | |  0.6
Crossbows      | |  0.6
Throwing       | |  0.6
Armour         | |  2.5
Dodging        | |  0.6
Stealth        | |  0.6
Shields        | |  2.5
Unarmed Combat | |  0.6
Conjurations   | |  0.4
Hexes          | |  0.4
Summonings     | |  0.4
Necromancy     | |  0.4
Translocations | |  0.4
Transmutations | |  0.4
Fire Magic     | |  0.4
Ice Magic      | |  0.4
Air Magic      | |  0.4
Earth Magic    | |  0.4
Invocations    | |  0.8
Evocations     | |  2.5

Action                   || total
-------------------------++-------
Melee: Hand axe          ||    30
       Bite              ||     2
Throw: Boomerang         ||    52
  Use: Scroll            ||     1
       Potion            ||     1
Armor: Scale mail        ||    51
Dodge: Dodged            ||    35

Table legend: (Time is in decaauts)
 A = Elapsed time spent in this place.
 B = Non-inter-level travel time spent in this place.
 C = Inter-level travel time spent in this place.
 D = Time resting spent in this place.
 E = Time spent auto-exploring this place.
 F = Levels seen in this place.
 G = Mean time per level.
                   A        B        C        D        E       F      G
               +--------+--------+--------+--------+--------+-----+--------+
         Total |    588 |    588 |      0 |      0 |    367 |   2 |  294.0 |
       Dungeon |    588 |    588 |      0 |      0 |    367 |   2 |  294.0 |
               +--------+--------+--------+--------+--------+-----+--------+

Top non-repeatable levels by time:
     D:1: 561 daAuts
     D:2: 27 daAuts
